Unix NetHack Version 3.7.0-62 Work-in-progress - last build Aug 7 2022 04:32:40 (f254b98e4f4e6c2f4e816e90bd3419c5233a8e5f,branch:master). Game began 2022-08-20 09:44:19, ended 2022-08-20 10:03:12. spontiff, neutral male gnomish Healer #--- ---------------------- ------ #..+ +.......|..|..|..|...| |....| ####|.| |.......|..|..|..-...| ..+.(.###### #|.-----+----.......--|--|----...| |.<))|# |.....................d......)[.| ------# |.--+-----+-.......---|---|--...| |.| |......{|....|...|)..| |.| |.......|.u..|%%%|...| |.- -.......|@h[.|%%%|...| |. ....{....|...[|%%%|...| |.- --------.----------|...| |.+ |.| |(((.|...| |.| |.+ |((].|...| |.| +.| |(((.-...| |.---------------.-----------...| |...............................| --------------------------------- Spontiff the Rhizotomist St:9 Dx:9 Co:14 In:12 Wi:15 Ch:17 Neutral S:300 Dlvl:7 $:58 HP:0(13) Pw:5(5) AC:-1 Xp:1/0 T:1974 Fainted Deaf Latest messages: What do you want to read? [e or ?*] e You feel threatened. You can move again. What do you want to read? [e or ?*] e You feel threatened. You can move again. What do you want to read? [e or ?*] e You feel threatened. You hear a door open. You hear some noises in the distance. You hear a door open. You can move again. What do you want to read? [e or ?*] e You begin to memorize the runes. You add the "haste self" spell to your repertoire, as 'd'. $ - 58 gold pieces. #hmm: unknown extended command. What do you want to wear? [j or ?*] j You are now wearing a small shield. What do you want to adjust? [a-ce-hj-oqsvyBJOSTVW or ?*] j Adjust letter to what [dijprtuwxzAC-IK-NP-RUX-Z] (? see used letters)? r Moving: r - an uncursed +0 small shield (being worn). What do you want to take off? [ghqrv or ?*] g You finish taking off your gloves. What do you want to wear? [fg or ?*] f You finish your dressing maneuver. What do you want to take off? [fhqrv or ?*] f You finish taking off your gloves. What do you want to wear? [fg or ?*] g You finish your dressing maneuver. What do you want to adjust? [a-ce-hk-oq-svyBJOSTVW or ?*] f Adjust letter to what [dfijptuwxzAC-IK-NP-RUX-Z] (? see used letters)? G Moving: G - an uncursed +0 pair of leather gloves. What do you want to take off? [ghqrv or ?*] h You finish taking off your helm. What do you want to drop? [$a-ceghk-oq-svyBGJOSTVW or ?*] m An uncursed dented pot lands on the altar. You faint from lack of food. The pony misses! The pony bites! The pony misses! The pony bites! The pony kicks! The pony bites! The pony kicks! The pony misses! The pony kicks! You die... Do you want your possessions identified? [ynq] (y) y Do you want to see the dungeon overview? [ynq] (y) q Major events: Turn 1: spontiff the neutral male gnomish Healer entered the dungeon 917: entered the Gnomish Mines 1737: reached Mine Town 1974: killed by a pony, while fainted from lack of food Inventory: Weapons W - a cursed +1 dart k - an uncursed +0 dagger Armor h - an uncursed +0 dwarvish iron helm g - an uncursed +1 pair of leather gloves (being worn) G - an uncursed +0 pair of leather gloves v - an uncursed +0 pair of iron shoes (being worn) r - an uncursed +0 small shield (being worn) q - an uncursed +0 dwarvish cloak (being worn) Comestibles y - an uncursed apple Spellbooks e - an uncursed spellbook of haste self Potions b - a blessed potion of extra healing c - 2 blessed potions of healing B - 2 uncursed potions of healing n - a blessed potion of oil Wands J - an uncursed wand of make invisible (0:7) S - an uncursed wand of sleep named FiPo (0:4) a - an uncursed wand of slow monster (0:6) Tools s - an uncursed stethoscope o - an uncursed tin whistle Gems/Stones V - an uncursed worthless piece of violet glass O - 2 uncursed worthless pieces of yellow glass T - an uncursed worthless piece of yellowish brown glass l - an uncursed luckstone Spontiff the Healer's attributes: Background: You were a Rhizotomist, a level 1 male gnomish Healer. You were neutral, on a mission for Hermes who was opposed by Athena (lawful) and Poseidon (chaotic). You were in the Gnomish Mines, on level 7. You entered the dungeon 1974 turns ago. You had 0 experience points, 20 were needed to attain level 2. Your score was 300 before end-of-game adjustments. Basics: You had 0 out of 13 hit points. You had all 5 energy points (spell power). Your armor class was -1. Your wallet contained 58 zorkmids. Autopickup was on for '$!/="?' plus thrown, with exceptions. Final Characteristics: Your strength was 9 (base:10, limit:18/50). Your dexterity was 9 (limit:18). Your constitution was 14 (limit:18). Your intelligence was 12 (limit:19). Your wisdom was 15 (limit:18). Your charisma was 17 (limit:18). Final Status: You were deaf. You were fainted due to starvation. You were unencumbered. You were empty handed. You were unskilled in bare handed combat. Final Attributes: You were devoutly aligned. You were fire resistant. You were poison resistant. You had infravision. You were invisible. You had a moderate defense bonus (+6). You were warded. You were lucky. You had extra luck. Bad luck did not time out for you. Good luck did not time out for you. Hermes was angry with you. You are dead. Miscellaneous: You never encountered a bones level. Total elapsed playing time was 18 minutes and 53 seconds. Vanquished creatures: a watchman a giant spider a gnome leader 3 dwarves a kobold leader 3 dwarf zombies a coyote a gas spore a hobbit 2 manes a hobgoblin a giant rat 2 red molds 4 gnomes a garter snake a gnome zombie 2 geckos 4 jackals a fox a goblin 2 sewer rats 6 grid bugs 2 bats 4 lichens a kobold zombie 3 newts 51 creatures vanquished. No species were genocided or became extinct. Voluntary challenges: You never hit with a wielded weapon. You were a pacifist. You read items or engraved 4 times. You never engraved Elbereth. You never genocided any monsters. You never polymorphed an object. You never changed form. You used no wishes. Achievements: You entered the Gnomish Mines. You entered Minetown. You entered a temple. You entered a shop. The Dungeons of Doom: levels 1 to 3 Level 1: A fountain. Level 2: Level 3: A fountain. Stairs down to The Gnomish Mines. The Gnomish Mines: levels 4 to 7 Level 4: Level 5: "magic trap" Level 6: Level 7: <- You were here. Some shops, a temple, some fountains. Final resting place for you, killed by a pony, while fainted from lack of food. Game over: ---------- / \ / REST \ / IN \ / PEACE \ / \ | spontiff | | 58 Au | | killed by a pony | | | | | | | | 2022 | *| * * * | * _________)/\\_//(\/(/\)/\//\/|_)_______ Goodbye spontiff the Healer... You died in The Gnomish Mines on dungeon level 7 with 300 points, and 58 pieces of gold, after 1974 moves. You were level 1 with a maximum of 13 hit points when you died.